 Dungeon Crawl Stone Soup version 0.31-a0-496-g6f97920a28 (webtiles) character file.

Game seed: 9412805678452641537

1439892 PaperRat the Demolition Armataur (level 26, 248/248 HPs)
             Began as an Armataur Earth Elementalist on Aug 8, 2023.
             Was an Elder of Makhleb.
             Escaped with the Orb
             ... and 3 runes on Aug 10, 2023!
             The game lasted 08:07:04 (96977 turns).

PaperRat the Demolition Armataur (AtEE)            Turns: 96977, Time: 08:07:04

Health: 248/248    AC: 37    Str: 20    XL:     26   Next: 45%
Magic:  49/49      EV: 11    Int: 27    God:    Makhleb [****..]
Gold:   3503       SH: 23    Dex: 21    Spells: 3/44 levels left

rFire   + + .        w - +5 eveningstar (holy)
rCold   + . .        I - +2 kite shield
rNeg    + . .        l - quicksilver dragon scales
rPois   +            T - +1 helmet "Loagonu" {Dex+5}
rElec   +            r - +2 cloak of Compression {rCorr}
rCorr   +            o - +2 pair of gloves of Quarr {+Inv rF+ Int+3}
SInv    +            Q - +3 barding
Will    ++...        W - amulet of Ylefoxiwk {Reflect rElec Regen+ Int+3 SH+5}
Stlth   ++           s - ring of Goucvou {rF+ Str+3 Dex+2 SInv}
HPRegen 1.41/turn    P - ring of Lugonu's Esteem {rPois rC+ rN+ MP+9}
MPRegen 0.31/turn

%: reflection, clarity, roll
@: studying 2 skills
A: large, rugged brown scales 3, deformed body, armoured tail, roll, long
tongue, awkward tongue, talons 1, iridescent scales 1, clarity, high MP 1,
subdued magic 1
0: Orb of Zot
}: 3/15 runes: decaying, slimy, gossamer
a: Renounce Religion, Evoke Invisibility, Minor Destruction, Lesser Servant of
Makhleb, Major Destruction


You escaped.
You worshipped Makhleb.
Makhleb was greatly pleased with you.
You visited 11 branches of the dungeon, and saw 52 of its levels.
You also visited: Ice Cave and Desolation.

You collected 8107 gold pieces.
You spent 4604 gold pieces at shops.

Inventory:

Hand Weapons
 a - a +2 dagger of speed
 q - a +9 eveningstar of freezing
 w - a +5 eveningstar of holy wrath (weapon)
Missiles
 i - 10 darts of dispersal
 F - a curare-tipped dart (quivered)
 S - a throwing net {!f}
Armour
 l - quicksilver dragon scales (worn)
 o - the +2 pair of gloves of Quarr (worn) {+Inv rF+ Int+3}
   (You found it on level 2 of the Depths)

   Int:       It affects your intelligence (+3).
   rF:        It protects you from fire.
   +Inv:      It lets you turn invisible.
 r - the +2 cloak of Compression (worn) {rCorr}
   (You found it on level 2 of the Spider Nest)

   rCorr:     It protects you from acid and corrosion.
 x - the +10 Black Knight's barding {ponderous, rPois rN+}
   (You acquired it on level 2 of the Depths)

   rPois:     It protects you from poison.
   rN:        It protects you from negative energy.
 I - a +2 kite shield (worn)
 Q - a +3 barding (worn)
 T - the +1 helmet "Loagonu" (worn) {Dex+5}
   (You found it on level 3 of the Spider Nest)

   Dex:       It affects your dexterity (+5).
Magical Staves
 v - the staff "Syqihiz" {rPois Will++ rCorr Dex+3 Poison}
   (You found it on level 3 of the Depths)

   [staff of poison]

   Base accuracy: +5 Base damage: 5 Base attack delay: 1.2 This weapon's minimum
   attack delay (0.6) is reached at skill level 12.
   Dex:       It affects your dexterity (+3).
   rPois:     It protects you from poison.
   rCorr:     It protects you from acid and corrosion.
   Poison:    It increases the power of your Poison spells.
   Will:      It greatly increases your willpower.
   It falls into the 'Staves' category.
   It is a one-handed weapon.
Jewellery
 s - the ring of Goucvou (left hand) {rF+ Str+3 Dex+2 SInv}
   (You found it on level 3 of the Elven Halls)

   [ring of protection from fire]

   Str:       It affects your strength (+3).
   Dex:       It affects your dexterity (+2).
   rF:        It protects you from fire.
   SInv:      It lets you see invisible.
 A - the ring "Fyirchep" {Will+ Dex+3}
   (You took it off a servant of whispers in the Desolation of Salt)

   [ring of willpower]

   Dex:       It affects your dexterity (+3).
   Will:      It increases your willpower.
 G - the ring "Jobuo" {rElec rF+ rC+ rN+}
   (You bought it in a shop on level 6 of the Dungeon)

   [ring of protection from fire]

   rF:        It protects you from fire.
   rC:        It protects you from cold.
   rElec:     It insulates you from electricity.
   rN:        It protects you from negative energy.
 P - the ring of Lugonu's Esteem (right hand) {rPois rC+ rN+ MP+9}
   (You found it on level 3 of the Elven Halls)

   [ring of magical power]

   rC:        It protects you from cold.
   rPois:     It protects you from poison.
   rN:        It protects you from negative energy.
   MP:        It affects your magic capacity (+9).
 W - the amulet of Ylefoxiwk (around neck) {Reflect rElec Regen+ Int+3 SH+5}
   (You found it on level 3 of the Elven Halls)

   [amulet of reflection]

   It reflects blocked missile attacks.
   Int:       It affects your intelligence (+3).
   rElec:     It insulates you from electricity.
   Regen:     It increases your rate of health regeneration.
   SH:        It affects your SH (+5).
Wands
 b - a wand of roots (22)
 c - a wand of light (1)
 d - a wand of digging (41)
 n - a wand of charming (43)
 z - a wand of mindburst (18)
Scrolls
 f - 3 scrolls of silence
 j - 15 scrolls of teleportation {@r3}
 m - a scroll of summoning
 t - 5 scrolls of blinking {@r5}
 u - 5 scrolls of fog {@r2}
 E - 8 scrolls of amnesia
 J - 6 scrolls of vulnerability
 O - 4 scrolls of poison
 U - 7 scrolls of fear {@r4}
 V - 6 scrolls of immolation
Potions
 e - 6 potions of heal wounds {@q2}
 g - 9 potions of magic
 h - 2 potions of mutation {@q7}
 k - 16 potions of curing {@q1}
 p - 8 potions of might {@q3}
 y - 5 potions of invisibility
 D - 11 potions of ambrosia
 H - 2 potions of lignification
 K - 5 potions of berserk rage
 L - 4 potions of enlightenment {@q6}
 M - 7 potions of haste {@q4}
 N - 4 potions of resistance
 R - 6 potions of brilliance {@q5}
Miscellaneous
 B - a phantom mirror
 C - a tin of tremorstones (2/2)
 X - a sack of spiders
 Z - a phial of floods


   Skills:
 - Level 18.0 Fighting
 - Level 6.0 Short Blades
 - Level 16.0 Maces & Flails
 - Level 18.0 Armour
 - Level 8.0 Dodging
 - Level 10.0 Stealth
 - Level 17.4 Shields
 - Level 9.5 Spellcasting
 - Level 18.0 Conjurations
 - Level 8.0 Hexes
 - Level 3.0 Summonings
 - Level 10.0 Translocations
 - Level 10.0 Transmutations
 - Level 6.0 Ice Magic
 - Level 6.0 Air Magic
 - Level 8.0 Earth Magic
 + Level 18.7 Invocations
 - Level 10.0 Evocations


You had 3 spell levels left.
You knew the following spells:

 Your Spells              Type           Power      Damage    Failure   Level
a - Orb of Destruction    Conj           35%        9d10      3%          7
b - Iskenderun's Mystic   Conj/Tloc      61%        2d13      1%          4
c - Freezing Cloud        Conj/Ice/Air   25%        6-21      3%          5
d - Stone Arrow           Conj/Erth      100%       3d13      1%          3
e - Passage of Golubria   Tloc           51%        N/A       1%          4
g - Passwall              Tmut/Erth      39%        N/A       1%          2
i - Irradiate             Conj/Tmut      30%        3d21      1%          5
q - Yara's Violent Unrav  Hex/Tmut       23%        3d10      4%          5
s - Petrify               Tmut/Erth      47%        N/A       1%          4
t - Blink                 Tloc           100%       N/A       1%          2

Your spell library contained the following spells:

 Spells                   Type           Power      Damage    Failure   Level
 Magic Dart               Conj           100%       1d8       0%          1
 Searing Ray              Conj           100%       2d8       0%          2
 Apportation              Tloc           100%       N/A       1%          1
 Sandblast                Erth           86%        2d18      1%          1
 Shock                    Conj/Air       100%       1d9       1%          1
 Slow                     Hex            100%       N/A       1%          1
 Sting                    Tmut/Pois      100%       1d8       1%          1
 Summon Small Mammal      Summ           88%        N/A       1%          1
 Lesser Beckoning         Tloc           100%       N/A       1%          2
 Momentum Strike          Conj/Tloc      100%       3d10      1%          2
 Wereblood                Tmut           51%        N/A       1%          2
 Confusing Touch          Hex            43%        N/A       1%          3
 Dazzling Flash           Conj/Hex       100%       N/A       1%          3
 Hailstorm                Conj/Ice       56%        3d12      1%          3
 Mephitic Cloud           Conj/Pois/Air  43%        N/A       1%          3
 Ozocubu's Armour         Ice            34%        N/A       1%          3
 Portal Projectile        Hex/Tloc       94%        N/A       1%          3
 Summon Guardian Golem    Hex/Summ       32%        N/A       1%          3
 Swiftness                Air            34%        N/A       1%          3
 Teleport Other           Tloc           51%        N/A       1%          3
 Tukima's Dance           Hex            43%        N/A       1%          3
 Vhi's Electric Charge    Tloc/Air       86%        N/A       1%          3
 Volatile Blastmotes      Fire/Tloc      60%        2d15      2%          3
 Call Imp                 Summ           44%        N/A       3%          2
 Poisonous Vapours        Pois/Air       44%        N/A       3%          2
 Cigotuvi's Dreadful Rot  Necr/Pois/Air  36%        N/A       4%          2
 Inner Flame              Hex/Fire       26%        N/A       4%          3
 Ignite Poison            Fire/Tmut/Pois 23%        N/A       5%          3
 Call Canine Familiar     Summ           22%        N/A       6%          3
 Necrotise                Necr           36%        1d5       7%          1
 Scorch                   Fire           18%        2d5       12%         2
 Sublimation of Blood     Necr           9%         N/A       12%         2
 Vampiric Draining        Necr           9%         2d6       22%         3
 Flame Wave               Conj/Fire      47%        2d12      1%          4
 Fulminant Prism          Conj/Hex       29%        3d14      1%          4
 Arcjolt                  Conj/Air       28%        1d38      1%          5
 Iskenderun's Battlesphe  Conj           71%        2d12      1%          5
 Cause Fear               Hex            21%        N/A       2%          4
 Fireball                 Conj/Fire      23%        3d11      4%          5
 Airstrike                Air            17%        2d(3-19)  6%          4
 Animate Armour           Summ/Erth      64%        N/A       8%          4
 Conjure Ball Lightning   Conj/Air       28%        3x3d8     8%          6
 Summon Ice Beast         Ice/Summ       28%        N/A       12%         4
 Metabolic Englaciation   Hex/Ice        19%        N/A       12%         5
 Silence                  Hex/Air        19%        N/A       12%         5
 Anguish                  Hex/Necr       13%        N/A       14%         4
 Summon Forest            Summ/Tloc      18%        N/A       14%         5
 Summon Mana Viper        Hex/Summ       32%        N/A       22%         5
 Alistair's Intoxication  Tmut/Pois      20%        N/A       28%         5
 Starburst                Conj/Fire      23%        6d8       30%         6
 Borgnjor's Vile Clutch   Necr/Erth      13%        N/A       38%         5
 Animate Dead             Necr           9%         N/A       61%         4
 Dispel Undead            Necr           9%         3d8       61%         4
 Olgreb's Toxic Radiance  Pois           9%         N/A       61%         4
 Spellforged Servitor     Conj/Summ      26%        N/A       67%         7
 Eringya's Noxious Bog    Tmut/Pois      15%        4d6       85%         6
 Enfeeble                 Hex            21%        N/A       95%         7
 Lehudib's Crystal Spear  Conj/Erth      29%        10d8      95%         8
 Plasma Beam              Fire/Air       11%        2x1d22    98%         6
 Simulacrum               Ice/Necr       11%        N/A       98%         6
 Summon Cactus Giant      Summ           11%        N/A       98%         6
 Malign Gateway           Summ/Tloc      18%        N/A       99%         7
 Ozocubu's Refrigeration  Ice            17%        4d11      99%         7
 Death Channel            Necr           4%         N/A       100%        6
 Haunt                    Necr/Summ      8%         N/A       100%        7
 Summon Hydra             Summ           11%        N/A       100%        7
 Borgnjor's Revivificati  Necr           4%         N/A       100%        8
 Discord                  Hex            21%        N/A       100%        8
 Disjunction              Tloc           25%        N/A       100%        8
 Infestation              Necr           4%         N/A       100%        8
 Maxwell's Capacitive Co  Air            17%        ∞         100%        8
 Chain Lightning          Conj/Air       28%        3d37      100%        9
 Death's Door             Necr           4%         N/A       100%        9
 Fire Storm               Conj/Fire      23%        8d6       100%        9
 Shatter                  Erth           21%        3d19*     100%        9


Dungeon Overview and Level Annotations

Branches:
Dungeon (15/15)            Temple (1/1) D:6            Lair (5/5) D:10
  Swamp (4/4) Lair:2       Spider (4/4) Lair:3        Slime (5/5) Lair:5
    Orc (2/2) D:9             Elf (3/3) Orc:2        Vaults (4/5) D:14
  Crypt (0/3) Vaults:3     Depths (4/4) D:15            Zot (5/5) Depths:4
  IceCv (visited)         Desolation (visited)

Altars:
Ashenzari
Cheibriados
Dithmenos
Elyvilon
Fedhas
Gozag
Hepliaklqana
Kikubaaqudgha
Makhleb
Nemelex Xobeh
Okawaru
Qazlal
Ru
Sif Muna
Trog
Uskayaw
Vehumet
Wu Jian
Xom
Yredelemnul
Zin
The Shining One
Jiyva
Lugonu

Shops:
D:4 (:   D:6 =   Orc:2 [?*   Elf:1 (=?:   Elf:2 [   Vaults:1 :(   Vaults:2 *
Depths:1 (   Depths:3 =::

Portals:
Hell: Depths:1 Depths:2 Depths:3 Depths:4
Abyss: Slime:3 Depths:2 Depths:3
Pandemonium: Depths:2
Ziggurat: Depths:1

Annotations:
D:5 fly
Spider:2 dig
Elf:2 3 runed translucent doors
Zot:5 1 exclusion


Innate Abilities, Weirdness & Mutations

You are completely covered in rugged brown scales. (AC +3, +7% HP)
Armour fits poorly on your strangely shaped body.
You have a long armoured tail.
You roll when moving toward enemies. (Rampage)
Your long tongue fully drains potion bottles. (2x potion effects)
Your tongue gives you trouble enunciating. (1.5x scroll delay)
You have sharp toenails.
You are partially covered in iridescent scales. (AC +2)
You possess an exceptional clarity of mind.
You have an increased reservoir of magic. (+10% MP)
Your spells are a little easier to cast, but a little less powerful.


Message History

The hellwing is heavily wounded.
You spit the hellwing like a pig!!!
You kill the hellwing!
Makhleb accepts your kill.
You feel better.
A demon appears!
A demon appears!
A demon appears!
A demon appears!
A demon appears!
Your Executioner gestures.
Your Executioner seems to speed up.
A demon appears!
A demon appears!
A demon appears!
A demon appears!
A demon appears!
It doesn't seem very happy.
You can no longer summon a greater servant of Makhleb.
Your Executioner gestures.
Your Executioner seems to speed up.
Your Executioner gestures.
Your Executioner seems to speed up.
Your Executioner hits the Executioner! x2
Your Executioner barely misses the Executioner.
Your balrug hits the Executioner with a +2 demon whip of venom.
The Executioner is engulfed in flames!
The Executioner resists.
The Executioner is poisoned.
Your Executioner hits the Executioner.
Your Executioner hits the Executioner but does no damage.
Your Executioner hits the Executioner.
You feel much better.
You slurp down every last drop of the potion of heal wounds {@q2}!
Your Executioner hits the Executioner!
Your Executioner hits the Executioner. x2
The Executioner dies!
The Executioner disappears in a puff of smoke!
You feel much better.
You slurp down every last drop of the potion of heal wounds {@q2}!
Magic courses through your body.
You slurp down every last drop of the potion of magic!
You have escaped!

.................................
.................................
................................#
.....♣........................∩..
.♣...............................
....∩......................∩..♣..
...§..♣..∩....♣...♣..)..∩.....§§#
#~~§.§.........222...∩§.....~§§##
###~§~~~.§§∩.♣22@21...§§§§~~~§##
###~~~§§.....121...§§§~~§§§##
##~~§§~§§..§21§§§§§~§§§§##
#≈≈§§§§§~§~~~§§§§~§§§§≈#
##≈≈§§≈≈~~§~§§§§§§≈≈§≈≈#
##≈≈≈≈≈≈≈≈≈§§§§§≈≈≈≈≈##
###################


You could see 2 friendly cacodemons, 2 friendly balrugs, 2 friendly green
deaths, 4 friendly Executioners and 2 friendly blizzard demons.

Vanquished Creatures
  the Royal Jelly (Slime:5)
  4 dread liches (Zot:5)
  5 ancient liches (Zot:5)
  3 orbs of fire
  Mara (Elf:3)
  Mennas (Vaults:3)
  A juggernaut (Depths:4)
  4 Killer Klowns (Zot:5)
  Saint Roka (Depths:2)
  4 curse toes
  2 caustic shrikes (Depths:2)
  17 golden dragons
  4 electric golems
  11 tentacled monstrosities
  The ghost of toffzen the Executioner, an adept MiBe of Trog (Vaults:1)
  An Ice Fiend (Depths:4)
  5 liches
  26 Orb Guardians
  2 deep elf master archers (Elf:3)
  A titan (Depths:4)
  A walking frostbound tome (Depths:2)
  3 sphinxes
  Frances (D:12)
  3 quicksilver dragons
  2 deep elf blademasters (Elf:3)
  3 death cobs
  14 acid blobs
  A thorn hunter (Swamp:3)
  Donald (Spider:1)
  3 tengu reavers
  Kirke (D:13)
  7 shadow dragons
  11 storm dragons
  Aizul (Spider:4)
  The ghost of mcsplat the Basher, an adept DgAE (Spider:2)
  11 rockslimes
  14 azure jellies
  8 fire giants
  6 fenstrider witches
  2 iron dragons (Depths:2)
  5 draconian monks
  18 vault wardens
  5 draconian knights
  9 deep elf sorcerers (Elf:3)
  3 balrugs
  7 frost giants
  11 emperor scorpions
  4 draconian scorchers
  6 ghouls
  6 deep elf elementalists
  An emperor scorpion (shapeshifter) (Zot:2)
  6 ghost moths
  An imperial myrmidon (Desolation)
  2 spriggan defenders (Depths:2)
  16 ironbound preservers
  2 draconian shifters (Zot:3)
  A draconian annihilator (Zot:2)
  A reaper (Depths:1)
  2 broodmothers
  14 quicksilver oozes
  4 war gargoyles
  10 stone giants
  5 formless jellyfish
  5 juggernaut skeletons (Depths:3)
  36 very ugly things
  8 ironbound thunderhulks
  2 caustic shrike skeletons (Depths:3)
  5 bunyips
  7 red draconians
  9 deep elf annihilators
  15 dire elephants
  5 vampire knights
  A yellow draconian (shapeshifter) (Zot:2)
  10 black draconians
  A halazid warlock (Desolation)
  5 green draconians
  2 deep elf demonologists (Elf:3)
  5 white draconians
  4 yellow draconians
  4 eleionomae
  9 purple draconians
  5 deep elf death magi
  10 spark wasps
  A green death (Swamp:4)
  2 blizzard demons
  10 ettins
  3 crystal guardians
  10 yaktaur captains
  13 great orbs of eyes
  7 ice dragons
  2 fire dragons
  2 shambling mangroves (Swamp:4)
  2 deep elf high priests
  8 entropy weavers
  A hydra (shapeshifter) (Depths:2)
  3 ragged hierophants (Desolation)
  A ghost crab (Swamp:2)
  18 peacekeepers
  A spriggan skeleton (Depths:3)
  4 rakshasas
  13 vault guards
  An alligator snapping turtle (shapeshifter) (Zot:2)
  6 servants of whispers (Desolation)
  6 jorogumos
  19 centaur warriors
  5 spriggan air magi
  6 ironbound frosthearts
  A hell beast (D:4)
  12 hydras
  7 catoblepae
  A caustic shrike simulacrum (IceCv)
  A radroach (Spider:3)
  2 ogre magi
  8 boulder beetles
  8 two-headed ogres
  2 deep troll shamans (Depths:1)
  17 dancing weapons
  8 alligators
  9 death yaks
  2 orc high priests
  11 demonic crawlers
  8 tengu warriors
  2 vampire magi
  7 deep troll earth magi
  7 spriggan berserkers
  2 sixfirhies
  3 soul eaters (Swamp:4)
  6 sun demons
  6 deep elf knights
  6 pharaoh ants
  19 skeletal warriors (Depths:3)
  2 sun moths (Spider:4)
  6 goliath frogs
  4 iron trolls
  A fire crab (Lair:4)
  65 deep trolls
  7 orb spiders
  12 deep elf archers
  8 glowing orange brains
  A death drake (Swamp:2)
  7 swamp dragons
  4 spriggan druids
  2 flayed ghosts
  6 bog bodies
  A phantasmal warrior (Vaults:3)
  A shadow demon (D:15)
  A spriggan simulacrum (IceCv)
  10 steelbarb worms
  4 golden dragon skeletons (Depths:3)
  An obsidian statue (IceCv)
  3 orc knights
  24 ironbound convokers
  10 wizards
  27 deep elf pyromancers
  9 harpies
  A necromancer (IceCv)
  27 deep elf zephyrmancers
  19 lindwurms
  16 wolf spiders
  3 tengu skeletons (Depths:3)
  62 ugly things
  3 shadow dragon skeletons (Depths:3)
  6 manticores
  17 moths of wrath
  2 sphinx skeletons (Depths:3)
  2 frost giant skeletons (Depths:3)
  12 orc sorcerers
  4 shining eyes
  7 cyclopes
  8 will-o-the-wisps
  A moth of wrath (shapeshifter) (Depths:1)
  14 elephants
  2 apocalypse crabs (Zot:2)
  10 guardian serpents
  Joseph (Lair:1)
  13 vault sentinels
  A black mamba (Lair:2)
  An iron dragon skeleton (Depths:3)
  A fire giant skeleton (Depths:3)
  A molten gargoyle (Desolation)
  4 eyes of devastation
  2 torpor snails (Spider:2)
  4 orange demons
  A gargoyle (D:10)
  2 kobold demonologists (D:11)
  A komodo dragon (shapeshifter) (D:13)
  17 cane toads
  An efreet (D:1)
  2 unseen horrors
  2 hellions
  35 yaktaurs
  5 rime drakes
  6 komodo dragons
  4 anaconda simulacra (IceCv)
  15 freezing wraiths
  3 golden dragon simulacra (IceCv)
  An ice devil (IceCv)
  3 tengu conjurers
  2 polar bears
  A queen bee (Lair:2)
  2 harpy zombies (Zot:2)
  6 tyrant leeches
  A red devil (D:11)
  27 tarantellas
  9 hornets
  9 trolls
  3 hellwings
  Grinder (D:3)
  A hornet (shapeshifter) (D:8)
  61 saltlings (Desolation)
  A blink frog (shapeshifter) (D:15)
  7 blink frogs
  4 raiju (Zot:2)
  123 slime creatures
  15 flying skulls (Depths:3)
  43 jumping spiders
  23 culicivoras
  A jumping spider (shapeshifter) (D:13)
  2 air elementals (Elf:1)
  Sigmund (D:5)
  10 spriggans
  4 dire elephant simulacra (IceCv)
  A ynoxinul (Depths:2)
  3 wraiths
  4 fire elementals
  A hog (shapeshifter) (Elf:1)
  5 wyverns
  4 shadows
  6 golden eyes (Slime:2)
  8 humans (D:14)
  5 water elementals
  62 yaks
  3 steam dragons
  6 basilisks
  12 vampire mosquitoes
  3 chaos spawn
  Edmund (D:5)
  80 redbacks
  3 minotaur simulacra (IceCv)
  10 wargs
  3 harpy simulacra (IceCv)
  18 swamp worms
  2 acid dragons
  14 water moccasins
  3 hydra simulacra (IceCv)
  3 glowing shapeshifter skeletons (Depths:3)
  An ice beast (D:7)
  2 swamp drakes
  27 orc warriors
  An alligator simulacrum (IceCv)
  3 black bears (D:6)
  15 wolves
  5 ogres
  3 boggarts (Zot:2)
  A phantom (D:6)
  6 centaurs
  2 kobold brigands
  Blork the orc (D:5)
  15 bullfrogs
  A deep troll simulacrum (IceCv)
  3 scorpions
  35 killer bees
  3 lindwurm simulacra (IceCv)
  A vampire bat (Lair:1)
  6 howler monkeys
  7 electric eels
  A jelly (D:7)
  15 orc priests
  5 hounds
  Ijyb (D:3)
  2 gnoll boudas
  4 iguanas
  2 sleepcaps (D:6)
  45 orc wizards
  Robin (D:3)
  8 gnolls
  9 adders
  An ufetubus (D:6)
  3 dart slugs
  110 orcs
  5 ball pythons
  9 endoplasms
  5 giant cockroaches
  10 hobgoblins
  6 jackals
  7 kobolds
  3 quokkas
  17 bats
  4 frilled lizards
  18 goblins
  6 rats
  A butterfly (Zot:2)
  A lurking horror (Slime:3)
2387 creatures vanquished.

Vanquished Creatures (collateral kills)
  A ghoul (Swamp:4)
  A reaper (Swamp:4)
  A bunyip (Swamp:4)
  A vault guard (D:14)
  A servant of whispers (Desolation)
  A will-o-the-wisp (Swamp:4)
  A wolf spider (Spider:4)
  An orange demon (Swamp:4)
  A freezing wraith (IceCv)
  2 saltlings (Desolation)
  A hornet (Swamp:4)
  5 yaks
  A harpy simulacrum (IceCv)
  An orc warrior (Orc:1)
  An ogre (Orc:1)
  A bullfrog (Lair:1)
  A scorpion (D:6)
  2 killer bees
  A hound (D:6)
  5 orc priests (Orc:1)
  A white imp (D:6)
  7 orcs (Orc:1)
  2 kobolds (D:9)
40 creatures vanquished.

Vanquished Creatures (others)
  A death cob (Zot:5)
  A fire giant (Depths:2)
  An imperial myrmidon (Desolation)
  A vault guard (D:14)
  A steelbarb worm (Spider:2)
  A wolf spider (Spider:3)
  A bloated husk (Swamp:4)
  A saltling (Desolation)
  A jumping spider (Spider:3)
  A human (D:14)
  A chaos spawn (Swamp:4)
  A swamp worm (Swamp:4)
  An orc wizard (Orc:2)
  12 foxfires
  3 fulminant prisms
28 creatures vanquished.

Grand Total: 2455 creatures vanquished

Notes
Turn   | Place    | Note
-------+----------+-------------------------------------------
     0 | D:1      | PaperRat the Armataur Earth Elementalist began the quest
                  | for the Orb.
     0 | D:1      | Reached XP level 1. HP: 14/14 MP: 3/3
   322 | D:1      | Reached skill level 1 in Fighting
   322 | D:1      | Reached XP level 2. HP: 24/24 MP: 4/4
  1136 | D:2      | Reached XP level 3. HP: 29/29 MP: 5/5
  1148 | D:2      | Learned a level 3 spell: Stone Arrow
  1158 | D:2      | Found a faded altar of an unknown god.
  1611 | D:2      | Reached skill level 1 in Conjurations
  1854 | D:3      | Reached XP level 4. HP: 31/38 MP: 6/6
  1910 | D:3      | Noticed Grinder
  2005 | D:3      | Found a burning altar of Makhleb.
  2007 | D:3      | Noticed an Executioner
  2011 | D:3      | Noticed a smoke demon
  2011 | D:3      | Noticed a ynoxinul
  2013 | D:3      | Became a worshipper of Makhleb the Destroyer
  2212 | D:3      | Noticed Robin
  2416 | D:3      | Killed Robin
  2679 | D:3      | Noticed Ijyb
  2698 | D:3      | Killed Ijyb
  2699 | D:3      | Reached XP level 5. HP: 29/43 MP: 8/8
  2710 | D:3      | Learned a level 2 spell: Passwall
  2830 | D:3      | Paralysed by Grinder for 2 turns
  2832 | D:3      | Killed Grinder
  2833 | D:3      | Reached XP level 6. HP: 51/51 MP: 6/9
  3303 | D:3      | Learned a level 2 spell: Call Imp
  3430 | D:3      | Reached * piety under Makhleb
  3520 | D:4      | Reached skill level 1 in Summonings
  3621 | D:4      | Reached XP level 7. HP: 58/58 MP: 8/11
  4166 | D:4      | Found Wasmai's Weapon Boutique.
  4190 | D:4      | Found Kehid's Book Shoppe.
  4373 | D:5      | Entered Level 5 of the Dungeon
  4375 | D:5      | Found a blossoming altar of Fedhas.
  4375 | D:5      | Noticed Edmund
  4427 | D:5      | Noticed Blork the orc
  4431 | D:5      | Killed Blork the orc
  4432 | D:5      | Reached skill level 1 in Transmutations
  4438 | D:5      | Learned a level 4 spell: Petrify
  4441 | D:5      | Noticed Sigmund
  4658 | D:5      | Killed Edmund
  5069 | D:5      | Killed Sigmund
  5070 | D:5      | Reached skill level 5 in Earth Magic
  5070 | D:5      | Reached XP level 8. HP: 65/65 MP: 8/12
  5536 | D:6      | Reached skill level 1 in Evocations
  5799 | D:6      | Found Tipluczi's Jewellery Shop.
  5931 | D:6      | Found a staircase to the Ecumenical Temple.
  6096 | D:6      | Reached skill level 5 in Transmutations
  6294 | Temple   | Entered the Ecumenical Temple
  6564 | D:6      | Reached ** piety under Makhleb
  6565 | D:6      | Reached XP level 9. HP: 71/71 MP: 9/13
  8266 | D:8      | Noticed a komodo dragon
  8298 | D:8      | Noticed a purple ugly thing
  8489 | D:8      | Noticed a troll
  8501 | D:8      | Killed a troll
  8688 | D:8      | Found a broken altar of Ashenzari.
  8691 | D:8      | Found a hide-covered altar of Uskayaw.
  8693 | D:8      | Found a radiant altar of Vehumet.
  8810 | D:6      | Bought a +4 ring of protection for 360 gold pieces
  9084 | D:8      | Found a hazy altar of Hepliaklqana.
  9085 | D:8      | Found a shimmering altar of Xom.
  9086 | D:8      | Noticed a spectral ugly thing
  9281 | D:8      | Reached skill level 5 in Stealth
  9340 | D:8      | Killed a komodo dragon
  9341 | D:8      | Reached XP level 10. HP: 82/82 MP: 6/15
  9586 | D:8      | Noticed a tengu warrior
  9832 | D:8      | Killed a tengu warrior
 10027 | D:8      | Killed a purple ugly thing
 10169 | D:9      | Found a sacrificial altar of Ru.
 10860 | D:9      | Reached *** piety under Makhleb
 10864 | D:9      | Reached skill level 1 in Armour
 10865 | D:9      | Reached skill level 1 in Short Blades
 11123 | D:9      | Reached skill level 1 in Invocations
 11427 | D:9      | Found a staircase to the Orcish Mines.
 11566 | D:9      | Noticed a two-headed ogre
 11638 | D:9      | Killed a two-headed ogre
 11639 | D:9      | Reached XP level 11. HP: 90/90 MP: 15/17
 11804 | D:10     | Entered Level 10 of the Dungeon
 11968 | D:10     | Found an opulent altar of Gozag.
 11971 | D:10     | Noticed a two-headed ogre
 12228 | D:10     | Reached skill level 5 in Fighting
 12330 | D:10     | Killed a two-headed ogre
 12698 | D:10     | Reached **** piety under Makhleb
 13176 | D:10     | Found a staircase to the Lair.
 14113 | D:10     | Reached skill level 5 in Invocations
 14188 | Lair:1   | Entered Level 1 of the Lair of Beasts
 14491 | Lair:1   | Noticed Joseph
 14520 | Lair:1   | Killed Joseph
 14603 | Lair:1   | Found a gate leading to a gauntlet.
 14864 | Lair:1   | Learned a level 5 spell: Irradiate
 14965 | D:10     | Reached XP level 12. HP: 88/103 MP: 5/18
 15707 | Lair:2   | Found a staircase to the Swamp.
 15727 | Lair:2   | Reached skill level 5 in Conjurations
 15867 | Lair:2   | Reached ***** piety under Makhleb
 15879 | Lair:2   | Reached skill level 5 in Spellcasting
 17763 | Lair:2   | Reached XP level 13. HP: 107/114 MP: 13/20
 19273 | Lair:3   | Found a hole to the Spider Nest.
 19333 | Lair:3   | Reached skill level 5 in Short Blades
 19989 | Lair:4   | Reached skill level 10 in Transmutations
 20347 | D:6      | Bought the ring "Jobuo" {rElec rF+ rC+ rN+} for 502 gold
                  | pieces
 20914 | Lair:4   | Learned a level 4 spell: Passage of Golubria
 21276 | Lair:4   | Reached skill level 1 in Translocations
 21936 | Lair:5   | Entered Level 5 of the Lair of Beasts
 21936 | Lair:5   | Found a runed translucent door.
 21936 | Lair:5   | Found a staircase to the Slime Pits.
 22103 | Lair:5   | Reached ****** piety under Makhleb
 22559 | Lair:5   | Reached skill level 10 in Stealth
 22719 | Lair:5   | Reached XP level 14. HP: 124/124 MP: 19/23
 22863 | Lair:3   | Got the Secrets of the Gathering and the Ground
 22941 | Lair:5   | Learned a level 5 spell: Freezing Cloud
 23386 | Lair:5   | Reached skill level 1 in Ice Magic
 23386 | Lair:5   | Reached skill level 1 in Air Magic
 25636 | D:10     | Found a stormy altar of Qazlal.
 25636 | D:10     | Found a glowing silver altar of Zin.
 25698 | Orc:1    | Entered Level 1 of the Orcish Mines
 26651 | Orc:2    | Entered Level 2 of the Orcish Mines
 27720 | Orc:2    | Found a staircase to the Elven Halls.
 27997 | Orc:2    | Found a bloodstained altar of Trog.
 28330 | Orc:2    | Found Amugh's Magic Scroll Shoppe.
 28330 | Orc:2    | Found Cischey's General Store.
 28374 | Orc:2    | Found Egiqusm's Antique Armour Boutique.
 28437 | Orc:2    | Found Motrudeg's Assorted Antiques.
 28799 | Orc:2    | Bought a scroll of enchant armour for 105 gold pieces
 28809 | Orc:2    | Bought a tin of tremorstones (2/2) for 560 gold pieces
 29476 | D:11     | Reached skill level 5 in Ice Magic
 29520 | D:11     | Reached skill level 5 in Air Magic
 30636 | D:12     | Identified the +1 ring mail of Momal {Fly rN++}
 30864 | D:12     | Noticed Frances
 30880 | D:12     | Killed Frances
 31047 | D:12     | Reached skill level 10 in Conjurations
 31232 | D:12     | Reached XP level 15. HP: 131/131 MP: 16/24
 32429 | D:13     | Noticed Kirke
 32434 | D:13     | Noticed a sphinx
 32586 | D:13     | Killed Kirke
 32587 | D:13     | Reached skill level 1 in Shields
 33492 | D:14     | Found a frozen archway.
 33502 | D:14     | Reached skill level 5 in Armour
 33560 | IceCv    | Entered an ice cave
 34841 | IceCv    | Found an ancient bone altar of Kikubaaqudgha.
 34844 | IceCv    | Reached skill level 5 in Shields
 35043 | IceCv    | Noticed a lich
 35050 | IceCv    | Killed a lich
 35462 | IceCv    | Identified the ring of Nidetheki {rC+ rN+}
 35809 | D:14     | Reached skill level 1 in Maces & Flails
 36219 | D:14     | Found a stormy altar of Qazlal.
 37008 | D:14     | Found a gate to the Vaults.
 37134 | D:15     | Entered Level 15 of the Dungeon
 37169 | D:15     | Reached skill level 5 in Maces & Flails
 37420 | D:15     | Reached XP level 16. HP: 141/141 MP: 13/26
 38190 | D:15     | Identified a scroll of acquirement
 38191 | D:15     | Acquired 1067 gold pieces
 38273 | D:15     | Found a sparkling altar of Nemelex Xobeh.
 38863 | D:15     | Found a staircase to the Depths.
 39192 | D:4      | Bought a book of Blasting for 280 gold pieces
 39197 | D:4      | Learned a level 4 spell: Iskenderun's Mystic Blast
 39236 | D:6      | Bought a ring of poison resistance for 200 gold pieces
 39374 | Orc:2    | Bought a scroll of teleportation for 42 gold pieces
 39374 | Orc:2    | Bought a scroll of vulnerability for 56 gold pieces
 39374 | Orc:2    | Bought a scroll of fog for 56 gold pieces
 39374 | Orc:2    | Bought a scroll of blinking for 105 gold pieces
 39374 | Orc:2    | Bought a scroll of vulnerability for 56 gold pieces
 39383 | Orc:2    | Bought a potion of haste for 140 gold pieces
 39383 | Orc:2    | Bought a potion of invisibility for 112 gold pieces
 39383 | Orc:2    | Bought a potion of cancellation for 112 gold pieces
 39819 | Swamp:1  | Entered Level 1 of the Swamp
 40178 | Swamp:1  | Reached skill level 5 in Translocations
 42412 | Swamp:2  | Reached skill level 10 in Maces & Flails
 43023 | Swamp:3  | Noticed a thorn hunter
 43397 | Swamp:3  | Killed a thorn hunter
 43811 | Swamp:3  | Reached skill level 10 in Shields
 44319 | Swamp:4  | Entered Level 4 of the Swamp
 44593 | Swamp:3  | Reached XP level 17. HP: 137/146 MP: 19/27
 45708 | Swamp:4  | Identified the +1 robe "Nizxaq Hatu" {rC- Str+7}
 46078 | Swamp:4  | Noticed a tentacled monstrosity
 46985 | Swamp:4  | Got a decaying rune of Zot
 47417 | Swamp:4  | Killed a tentacled monstrosity
 47563 | Swamp:4  | Reached skill level 10 in Armour
 48904 | Orc:2    | Bought a scroll of enchant armour for 105 gold pieces
 49159 | Spider:1 | Entered Level 1 of the Spider Nest
 50632 | Spider:1 | Noticed Donald
 50644 | Spider:1 | Killed Donald
 50759 | Spider:1 | You fall into a shaft and drop 1 floor!
 50759 | Spider:2 | Found a transporter.
 50760 | Spider:2 | Noticed mcsplat's ghost (adept DgAE)
 50778 | Spider:2 | Found a transporter.
 52065 | Spider:2 | Reached XP level 18. HP: 155/155 MP: 23/28
 52425 | Spider:2 | Reached skill level 5 in Evocations
 53300 | Spider:2 | Identified the ring of Beuvvami {rElec rN+}
 53301 | Spider:2 | Killed mcsplat's ghost
 53313 | Spider:2 | Identified the +2 cloak of Compression {rCorr}
 53609 | Spider:3 | Identified the +2 short sword of the Madman {antimagic,
                  | rElec Will+ Dex-2 Stlth+}
 53746 | Spider:3 | Identified the +1 helmet "Loagonu" {Dex+5}
 54775 | Spider:3 | Reached skill level 10 in Fighting
 55049 | Spider:4 | Entered Level 4 of the Spider Nest
 57259 | Spider:4 | Noticed Aizul
 57271 | Spider:4 | Killed Aizul
 57870 | Spider:4 | Got a gossamer rune of Zot
 58556 | Orc:2    | Learned a level 5 spell: Yara's Violent Unravelling
 58557 | Elf:1    | Entered Level 1 of the Elven Halls
 58585 | Elf:1    | Reached skill level 1 in Hexes
 58966 | Elf:1    | Reached XP level 19. HP: 158/159 MP: 22/29
 59554 | Elf:1    | Found Zenkibo's Book Boutique.
 59657 | Elf:1    | Found Quif's Magic Scroll Shoppe.
 59666 | Elf:1    | Bought a scroll of teleportation for 48 gold pieces
 59666 | Elf:1    | Bought a scroll of enchant weapon for 120 gold pieces
 59666 | Elf:1    | Bought a scroll of fear for 64 gold pieces
 59666 | Elf:1    | Bought a scroll of enchant weapon for 120 gold pieces
 59666 | Elf:1    | Bought a scroll of revelation for 120 gold pieces
 59666 | Elf:1    | Bought a scroll of teleportation for 48 gold pieces
 59875 | Elf:1    | Found Zotix's Antique Weapon Emporium.
 60006 | Elf:1    | Found Nepof's Jewellery Shoppe.
 60064 | Elf:1    | Reached skill level 5 in Dodging
 60907 | Elf:2    | Reached skill level 5 in Hexes
 60980 | Elf:2    | Identified the +4 great mace of the Several Prophets {vamp,
                  | rPois Will+ Str+2}
 61024 | Elf:2    | Found Hadad's Dragon-Slaying Spoils.
 61258 | Elf:2    | Found a runed translucent gate.
 61258 | Elf:2    | Found a runed translucent gate.
 61258 | Elf:2    | Found a runed translucent gate.
 61432 | Elf:2    | Bought quicksilver dragon scales for 960 gold pieces
 61504 | Elf:3    | Entered Level 3 of the Elven Halls
 62518 | Elf:3    | Noticed Mara
 62915 | Elf:3    | Killed Mara
 63313 | Elf:3    | Identified the ring "Iwan" {Drain rElec rPois AC+4 Dex+3}
 63350 | Elf:3    | Identified the ring of Goucvou {rF+ Str+3 Dex+2 SInv}
 63360 | Elf:3    | Reached XP level 20. HP: 174/174 MP: 18/32
 63370 | Elf:3    | Identified the +0 scale mail of Mirth {SInv}
 63392 | Elf:3    | Identified the amulet of Ylefoxiwk {Reflect rElec Regen+
                  | Int+3 SH+5}
 63455 | Elf:3    | Identified the staff "Winunu" {rC+ rN+ Dex+2 Ice}
 63466 | Elf:3    | Identified the +11 shortbow "Lifebane" {flame, Str+3}
 63477 | Elf:3    | Identified the +2 war axe "Wuifiof" {drain, rElec rF-
                  | Int+5}
 63480 | Elf:3    | Identified the ring of Lugonu's Esteem {rPois rC+ rN+ MP+9}
 63482 | Elf:3    | Identified the amulet of Higir {rElec Regen+ rCorr}
 63483 | Elf:3    | Identified the staff of the Beginning {Fly rN+ Str-5 Dex+5
                  | Necro}
 63918 | Vaults:1 | Entered Level 1 of the Vaults
 64284 | Vaults:1 | Reached skill level 15 in Maces & Flails
 64901 | Vaults:1 | Found Eluiqur's Weapon Emporium.
 65466 | Vaults:1 | Found a runed translucent door.
 65477 | Vaults:1 | Noticed toffzen's ghost (adept MiBe)
 65643 | Vaults:1 | Found Tanesm's Book Shoppe.
 66167 | Vaults:1 | Killed toffzen's ghost
 67139 | Vaults:2 | Found Eptyoch's Assorted Antiques.
 67185 | Vaults:2 | Found a crumbling gateway.
 67228 | Desolati | Entered the Desolation of Salt
 67657 | Desolati | Identified the ring of Fosy {Fly rC+ rN++ Str+3 Dex-5}
 67673 | Desolati | Identified the +0 plate armour of the Crypt {rElec rPois
                  | Str+2}
 68006 | Desolati | Identified the +9 short sword "Ushrigra" {distort, Fragile
                  | rElec rF+++ SInv}
 68010 | Desolati | Got Teffeera's Volume of the Whammy
 68012 | Desolati | Got the Directory of the Friendly Dose
 68020 | Desolati | Got the Handbook of Non-Euclidean Anathema
 68032 | Desolati | Reached XP level 21. HP: 184/185 MP: 33/33
 68161 | Desolati | Identified the ring "Fyirchep" {Will+ Dex+3}
 68245 | Desolati | Identified the +8 short sword "Lerro" {heavy, Int+4 Stlth-}
 68271 | Desolati | Identified the +7 chain mail of Dim Light {rC- rN+ Str+2
                  | Int+3}
 68280 | Desolati | Identified the ring of Nodimajy {rF+ Int+3 Slay-6 SInv}
 68617 | Vaults:2 | You fall into a shaft and drop 2 floors!
 69183 | Vaults:4 | Learned a level 4 spell: Fulminant Prism
 69864 | Vaults:2 | Learned a level 2 spell: Blink
 69944 | Vaults:2 | Reached skill level 10 in Evocations
 70156 | Vaults:2 | Gained mutation: You sometimes lose your temper in combat.
                  | [mutagenic glow]
 70157 | Vaults:2 | Lost mutation: You sometimes lose your temper in combat.
                  | [potion of mutation]
 70157 | Vaults:2 | Gained mutation: You occasionally shout uncontrollably at
                  | your foes. [potion of mutation]
 70157 | Vaults:2 | Gained mutation: You have hidden genetic potential. [potion
                  | of mutation]
 70157 | Vaults:2 | Gained mutation: You passively map a small area around you.
                  | [potion of mutation]
 70878 | Vaults:2 | Bought a warped ring mail for 333 gold pieces
 70878 | Vaults:2 | Identified the +1 ring mail "Ydosicib" {rPois rC- rN+} (You
                  | bought it in a shop on level 2 of the Vaults)
 71349 | Vaults:3 | Noticed Mennas
 71361 | Vaults:3 | Killed Mennas
 71580 | Vaults:3 | Found a staircase to the Crypt.
 71638 | Vaults:3 | Reached skill level 15 in Shields
 71894 | Vaults:3 | Reached XP level 22. HP: 201/201 MP: 35/35
 73125 | Vaults:4 | Reached skill level 15 in Armour
 73353 | Vaults:4 | Found the +10 tower shield of Ignorance {rN+ Int-4}
 74087 | Slime:1  | Entered Level 1 of the Pits of Slime
 75346 | Slime:3  | Found a one-way gate to the infinite horrors of the Abyss.
 75346 | Slime:3  | Found a corrupted altar of Lugonu.
 75560 | Slime:3  | Gained mutation: Your skin changes colour to match your
                  | surroundings (Stealth+). [hidden potential]
 75683 | Slime:4  | Found a viscous altar of Jiyva.
 76385 | Slime:5  | Entered Level 5 of the Pits of Slime
 76689 | Slime:5  | Gained mutation: You are weak. (Str -2) [a shining eye]
 76713 | Slime:5  | Reached skill level 15 in Fighting
 76830 | Slime:5  | Found a viscous altar of Jiyva.
 77310 | Slime:5  | Noticed the Royal Jelly
 77324 | Slime:5  | Killed the Royal Jelly
 77357 | Slime:5  | Reached XP level 23. HP: 214/214 MP: 11/36
 77531 | Slime:5  | Got the Parchment of the Entrancing Impact
 77533 | Slime:5  | Got a slimy rune of Zot
 77582 | Slime:5  | Identified the +2 war axe of Chaos {drain, rElec Str-3
                  | Int+5 Stlth+}
 77712 | Slime:5  | Identified the +4 mace of the Realm of Zot {protect, +Blink
                  | rElec rN+ MP-9}
 77716 | Slime:5  | Identified the +8 dagger "Hanaheod" {drain, rN+ Str+5 Int+2
                  | Dex+2}
 77729 | Slime:5  | Identified the +1 plate armour of the Tsukumogami {Int+2
                  | Dex+3}
 78202 | Depths:1 | Entered Level 1 of the Depths
 78590 | Depths:1 | Gained mutation: You are frail. (-10% HP) [mutagenic glow]
 78915 | Depths:1 | Found a shimmering altar of Xom.
 78936 | Depths:1 | Found a one-way gateway to a ziggurat.
 78993 | Depths:1 | Found Xaigeute's Antique Weapon Shoppe.
 79303 | Depths:1 | Found a gateway to Hell.
 79684 | Depths:2 | Reached skill level 15 in Conjurations
 79902 | Depths:2 | Noticed Saint Roka
 79932 | Depths:2 | Killed Saint Roka
 80212 | Depths:2 | Noticed a caustic shrike
 80223 | Depths:2 | Killed a caustic shrike
 80712 | Depths:2 | Identified the +2 pair of gloves of Quarr {+Inv rF+ Int+3}
 80736 | Depths:2 | Learned a level 7 spell: Orb of Destruction
 80746 | Depths:2 | Identified the +5 battleaxe of Analysis {flame, Contam
                  | Str+8}
 80768 | Depths:2 | Gained mutation: Your flesh is heat resistant. (rF+)
                  | [hidden potential]
 80768 | Depths:2 | Lost mutation: You have hidden genetic potential. [hidden
                  | potential expressed]
 80808 | Depths:2 | Noticed a caustic shrike
 80816 | Depths:2 | Killed a caustic shrike
 81053 | Depths:2 | Found the ring of the Mage {Wiz Archmagi}
 81331 | Depths:2 | You fall into a shaft and drop 1 floor!
 81526 | Depths:2 | Found a corrupted altar of Lugonu.
 81950 | Depths:2 | Acquired the +10 Black Knight's barding {ponderous, rPois
                  | rN+}
 81950 | Depths:2 | Found the +10 Black Knight's barding {ponderous, rPois rN+}
 82131 | Depths:2 | Found a one-way gate leading to the halls of Pandemonium.
 82545 | Depths:3 | Learned a level 4 spell: Passage of Golubria
 83443 | Depths:3 | Found Wuziuv's Jewellery Boutique.
 83443 | Depths:3 | Found Hin Eso's Book Shoppe.
 83444 | Depths:3 | Found Eliluapn's Book Shoppe.
 83825 | Depths:3 | Reached XP level 24. HP: 203/203 MP: 36/36
 84050 | Depths:3 | Identified the staff "Syqihiz" {rPois Will++ rCorr Dex+3
                  | Poison}
 84081 | Depths:3 | Reached skill level 10 in Translocations
 84253 | Depths:4 | Entered Level 4 of the Depths
 85083 | Depths:4 | Noticed a juggernaut
 85096 | Depths:4 | Killed a juggernaut
 86085 | Depths:4 | Found a gate to the Realm of Zot.
 86352 | Zot:1    | Entered Level 1 of the Realm of Zot
 87021 | Zot:1    | Reached skill level 10 in Invocations
 87997 | Zot:2    | Noticed an orb of fire
 88006 | Zot:2    | Gained mutation: Your magical capacity is low. (-10% MP)
                  | [an orb of fire]
 88016 | Zot:2    | Gained mutation: You have hidden genetic defects. [an orb
                  | of fire]
 88030 | Zot:2    | Gained mutation: Your body sometimes deteriorates upon
                  | taking damage. [an orb of fire]
 88032 | Zot:2    | Killed an orb of fire
 88033 | Zot:2    | Reached XP level 25. HP: 208/214 MP: 29/32
 88033 | Zot:2    | Lost mutation: You occasionally shout uncontrollably at
                  | your foes. [potion of mutation]
 88033 | Zot:2    | Lost mutation: Your body sometimes deteriorates upon taking
                  | damage. [potion of mutation]
 88033 | Zot:2    | Lost mutation: You passively map a small area around you.
                  | [potion of mutation]
 88033 | Zot:2    | Lost mutation: Your magical capacity is low. (-10% MP)
                  | [potion of mutation]
 88033 | Zot:2    | Gained mutation: You occasionally shout uncontrollably at
                  | your foes. [potion of mutation]
 88033 | Zot:2    | Gained mutation: Your spells are a little easier to cast,
                  | but a little less powerful. [potion of mutation]
 88033 | Zot:2    | Lost mutation: You are weak. (Str -2) [potion of mutation]
 88034 | Zot:2    | Lost mutation: You have hidden genetic defects. [potion of
                  | mutation]
 88034 | Zot:2    | Lost mutation: You are frail. (-10% HP) [potion of
                  | mutation]
 88034 | Zot:2    | Lost mutation: Your spells are a little easier to cast, but
                  | a little less powerful. [potion of mutation]
 88034 | Zot:2    | Lost mutation: You occasionally shout uncontrollably at
                  | your foes. [potion of mutation]
 88034 | Zot:2    | Gained mutation: You are occasionally teleported next to
                  | monsters. [potion of mutation]
 88034 | Zot:2    | Gained mutation: You have sharp fingernails. [potion of
                  | mutation]
 88035 | Zot:2    | Lost mutation: You have sharp fingernails. [potion of
                  | mutation]
 88035 | Zot:2    | Lost mutation: Your skin changes colour to match your
                  | surroundings (Stealth+). [potion of mutation]
 88035 | Zot:2    | Lost mutation: Your flesh is heat resistant. (rF+) [potion
                  | of mutation]
 88035 | Zot:2    | Lost mutation: You are occasionally teleported next to
                  | monsters. [potion of mutation]
 88035 | Zot:2    | Gained mutation: Your spells are a little easier to cast,
                  | but a little less powerful. [potion of mutation]
 88035 | Zot:2    | Gained mutation: You have sharp toenails. [potion of
                  | mutation]
 88035 | Zot:2    | Gained mutation: You possess an exceptional clarity of
                  | mind. [potion of mutation]
 88035 | Zot:2    | Gained mutation: You are partially covered in iridescent
                  | scales. (AC +2) [potion of mutation]
 88035 | Zot:2    | Gained mutation: You have an increased reservoir of magic.
                  | (+10% MP) [potion of mutation]
 88636 | Zot:2    | You fall into a shaft and drop 1 floor!
 91544 | Zot:3    | Identified the +5 leather armour of Patterns {Rampage rC+
                  | Str+3}
 92764 | Zot:4    | Noticed a Killer Klown
 92766 | Zot:4    | a Killer Klown changed into a rockslime
 93026 | Zot:5    | Entered Level 5 of the Realm of Zot
 93829 | Zot:5    | Noticed an ancient lich
 93836 | Zot:5    | Killed an ancient lich
 94110 | Zot:5    | Noticed a Killer Klown
 94129 | Zot:5    | Killed a Killer Klown
 94333 | Zot:5    | Noticed a Killer Klown
 94333 | Zot:5    | Noticed an ancient lich
 94333 | Zot:5    | Noticed an ancient lich
 94338 | Zot:5    | Noticed a dread lich
 94348 | Zot:5    | Killed a dread lich
 94473 | Zot:5    | Killed a Killer Klown
 94601 | Zot:5    | Killed an ancient lich
 94602 | Zot:5    | Reached skill level 15 in Invocations
 94637 | Zot:5    | Noticed an orb of fire
 94676 | Zot:5    | Killed an ancient lich
 94683 | Zot:5    | Killed an orb of fire
 94756 | Zot:5    | Reached XP level 26. HP: 248/248 MP: 7/40
 95163 | Zot:5    | Noticed a dread lich
 95190 | Zot:5    | Killed a dread lich
 95202 | Zot:5    | Noticed a dread lich
 95217 | Zot:5    | Killed a dread lich
 95267 | Zot:5    | Noticed an ancient lich
 95271 | Zot:5    | Killed an ancient lich
 95344 | Zot:5    | Noticed an orb of fire
 95352 | Zot:5    | Killed an orb of fire
 95388 | Zot:5    | Noticed an ancient lich
 95397 | Zot:5    | Killed an ancient lich
 95404 | Zot:5    | Noticed a dread lich
 95414 | Zot:5    | Killed a dread lich
 95818 | Zot:5    | Noticed a dread lich
 96326 | Zot:5    | Got the Orb of Zot
 96353 | Zot:5    | Noticed a seraph
 96585 | Depths:1 | Noticed Kerph the pandemonium lord
 96977 | D:$      | Escaped with the Orb!

Illustrated notes

Levels and vault maps discovered:
D:1:      tekkud_arrival_beachfront_property, layout_basic,
          hangedman_decor_points, serial_bayou_pond_a, minmay_heptomino_o4
D:2:      layout_basic, shapermc_ecumenical_altar_mp_urbaneastern
D:3:      kennysheep_goblin_castle, layout_loops_cross,
          makhleb_altar_promises_db, cheibrodos_gnoll_hut, uniq_grinder,
          uniq_robin
D:4:      layout_rooms, serial_shops, shop, nicolae_stop_n_shop_2
D:5:      layout_basic, mainiacjoe_overflow_small_starburst, water_boxes_lemuel,
          uniq_edmund, uniq_sigmund, uniq_blork_the_orc
D:6:      layout_rooms, minmay_temple_entry_mist, serial_shops,
          nicolae_shop_stone, minmay_pentangle
D:7:      layout_loops_ring, grunt_decor_junction
D:8:      layout_loops_corners, regret_index_temple_of_mockery,
          grunt_temple_overflow_open, kb_rosetta
D:9:      layout_roguey, mainiacjoe_overflow_boulevard, orc_0_dummy
D:10:     kennysheep_ambush_hall, layout_basic, nicolae_overflow_hidden_temple,
          special_room [special_room_orc]
D:11:     layout_gridville
D:12:     layout_irregular_city, uniq_frances
D:13:     layout_stronghold, uniq_kirke
D:14:     layout_irregular_city, ximxim_vaults_locker_room,
          portal_ice_cave_entry_pillars_2, minmay_misc_feat_chi,
          nicolae_qazlal_scattered_showers
D:15:     gammafunk_enter_depths_forms, layout_loops_ring,
          nemelex_lonely_heart_becter, amcnicky_mini_corridor_feature
Temple:   jpeg_temple_clearing
Lair:1:   layout_small_grid, gauntlet_entry_generic, roderic_batcave,
          st_stairs_6, uniq_joseph
Lair:2:   layout_roguey [special_room_bee], skrybe_swamp_entry_bodies,
          serial_forest, infiniplex_forest_lined_2,
          infiniplex_forest_clump_small, infiniplex_forest_clump_double,
          infiniplex_forest_straight_2, infiniplex_forest_lined_corner,
          infiniplex_forest_clump_diagonal, wad_woods_river_03,
          bh_autumn_forest_stairs, chequers_serial_rivers_micro_d
Lair:3:   layout_hall_layers, spider_nest_entry_funnel_web,
          minmay_lindwurm_lava, grunt_megastairs_5
Lair:4:   layout_gridlike, serial_forest, infiniplex_forest_lined_3,
          infiniplex_forest_lined_corner, infiniplex_forest_straight_4,
          infiniplex_forest_lined_3_way, infiniplex_forest_end_double,
          infiniplex_forest_lined_2, infiniplex_forest_clump_C,
          minmay_shattered_shrine
Lair:5:   evilmike_catoblepas_cave, layout_small_grid, slime_entry_2,
          pdpol_lair_neglected_garden, minmay_lair_drake_nest
Swamp:1:  nicolae_swamp_ascending_descending, layout_falls_marsh,
          evilmike_swamp_ruin_house_5
Swamp:2:  layout_basic_swamp, evilmike_swamp_ruin_house_4
Swamp:3:  layout_basic_swamp, nicolae_swamp_well_well_well
Swamp:4:  nzn_swamp_witches_coven, layout_basic_swamp
Spider:1: layout_spider_delve, nicolae_spider_world_wide_web, uniq_donald
Spider:2: layout_spider_delve, gammafunk_ghost_berserking_beasts, hive_lemuel
Spider:3: layout_cave_pods
Spider:4: grunt_spider_rune_circles, uniq_aizul
Slime:1:  layout_caves
Slime:2:  layout_caves, nicolae_slime_phagocytosis
Slime:3:  layout_caves, amcnicky_altar_lugonu_corruption
Slime:4:  layout_caves, basic_altar, nicolae_slime_crime_time
Slime:5:  slime_pit_nicolae_trefoil
Orc:1:    layout_diamond_mine
Orc:2:    st_orc_town, layout_caves, basic_altar
Elf:1:    eino_elf_arrival_sip, layout_onion_city, serial_shops, shop,
          nicolae_shop_behind_doors, shop, shop, minmay_elf_demonology,
          drop_trap
Elf:2:    nicolae_elf_blades_splatter_lattice
          [nicolae_blade_entry_floor_patterns], layout_geoelf_octagon,
          nicolae_shop_dragon_depot, moated_statue, drop_trap
Elf:3:    elf_hall, layout_geoelf_castle, drop_trap, uniq_mara
Vaults:1: ebering_ghost_inner_flame, nicolae_vaults_little_squares_2,
          grunt_vaults_swirl, nicolae_vaults_stepped_doors,
          nicolae_vaults_inception_corners, hangedman_vaults_nails, v_misc_11,
          nicolae_vaults_variable_pillar_hall_cross, dpeg_vaults_monster_box,
          nicolae_vaults_c_with_doors, vaults_room_door_ring,
          nicolae_vaults_little_squares_1, v_alt_pattern_3,
          nicolae_vaults_storage_room_doors, nicolae_vaults_tetromino_T_2,
          ontoclasm_vaults_idyll, layout_vaults_maze_bifur, serial_shops,
          nicolae_shop_mannequins
Vaults:2: portal_desolation_entry_ruin, ontoclasm_vaults_gateway,
          hangedman_vaults_stagger, vaults_dpeg_diagonal, vaults_room_door_ring,
          grunt_vaults_hallway_short, vaults_mumra_minichess_inversion,
          vaults_room_fours, hangedman_vaults_stretched_pinwheel,
          vaults_room_stairs_pillars, v_pattern_4, v_alt_pattern_5,
          nicolae_vaults_closet_pinwheel_4, nicolae_vaults_two_Ls,
          nicolae_vaults_double_plus_1, nicolae_vaults_house_2,
          nicolae_vaults_rhombus_7, vaults_room_guarded_vault,
          layout_vaults_big_room, serial_shops, shop
Vaults:3: nicolae_vaults_apartment_1, hangedman_vaults_locks,
          nicolae_vaults_tetromino_Z_1, nicolae_vaults_closet_pinwheel_4,
          hangedman_vaults_unwind, nicolae_vaults_little_squares_5,
          nicolae_vaults_yaktaur_gun_rack, nicolae_vaults_mini_display_case,
          layout_vaults_omnigrid, minmay_crypt_entry_simple_corners, uniq_mennas
Vaults:4: nicolae_vaults_steering_wheel, v_misc_10, grunt_vaults_trifunnel,
          nicolae_vaults_offset_grid_hallway_1, hangedman_vaults_maws,
          vaults_room_octagon, vaults_mumra_lcd, v_misc_2,
          nicolae_vaults_ring_of_whatevers, nicolae_vaults_sightless_eye,
          layout_vaults_ring
Depths:1: layout_forbidden_donut, enter_ziggurat_d, nrook_pool_corridor,
          serial_shops, nicolae_shop_competitors_out_of_business,
          pf_dread_powers_of_hell, chequers_serial_rivers_micro_d,
          lemuel_statue_altar, hangedman_decor_peaks_small, dispersion_dpeg
Depths:2: minmay_four_inscribed_fans, layout_cave_shapes, hell_entry,
          rand_demon_pan_entry_1, hangedman_decor_slide_cut,
          abyss_entry_flame_altar, uniq_saint_roka
Depths:3: minmay_skeleton_keep, layout_long_grid, abyss_entry,
          serial_bayou_pond_b, pf_coc_iceberg, firewood_loft,
          grunt_megastairs_4, infiniplex_staircase_pillars_3b, minmay_shop_grove
Depths:4: grunt_zot_entry_gee_three, layout_gridville, hell_entry
Zot:1:    layout_cellular_growth, skrybe_zot_glass_3
Zot:2:    hangedman_orp_of_zott, layout_onion_interference, st_stairs_14
Zot:3:    layout_basic
Zot:4:    layout_onion_interference
Zot:5:    layout_basic

Skill      XL: |  1  2  3  4  5  6  7  8  9 10 11 12 13 14 15 16 17 18 19 20 21 22 23 24 25 26 |
---------------+-------------------------------------------------------------------------------+-----
Fighting       | 1 2 3 4 6 8 9 10 12 13 15 16 17 18 | 18.0
Earth Magic    | 3 4 5 6 7 8 |  8.0
Conjurations   | 1 3 4 6 8 10 12 14 17 18 | 18.0
Spellcasting   | 2 3 4 5 6 7 8 9 |  9.5
Stealth        | 3 4 5 8 10 | 10.0
Summonings     | 1 3 |  3.0
Transmutations | 3 5 6 8 9 10 | 10.0
Evocations     | 2 4 8 10 | 10.0
Armour         | 3 4 5 6 11 12 13 14 16 17 18 | 18.0
Short Blades   | 2 4 6 |  6.0
Invocations    | 2 6 8 10 15 18 | 18.7
Translocations | 4 6 8 10 | 10.0
Ice Magic      | 5 6 |  6.0
Air Magic      | 5 6 |  6.0
Shields        | 8 10 11 15 16 17 | 17.4
Maces & Flails | 5 10 13 14 16 | 16.0
Dodging        | 4 6 7 8 |  8.0
Hexes          | 1 8 |  8.0

Action                     |  1- 3 |  4- 6 |  7- 9 | 10-12 | 13-15 | 16-18 | 19-21 | 22-24 | 25-27 || total
---------------------------+-------+-------+-------+-------+-------+-------+-------+-------+-------++-------
  Melee: Club              |     7 |       |       |       |       |       |       |       |       ||     7
         Short sword       |    24 |    83 |       |    25 |       |       |       |       |       ||   132
         Tailslap          |     4 |    11 |    27 |    59 |   105 |   175 |   272 |   469 |   102 ||  1224
         Dagger            |       |       |    71 |   206 |   424 |   299 |    14 |    17 |       ||  1031
         Flail             |       |       |    23 |    20 |       |       |       |       |       ||    43
         Punch             |       |       |     2 |     5 |     6 |       |       |       |       ||    13
         Long sword        |       |       |     2 |       |       |       |       |       |       ||     2
         Whip              |       |       |       |     6 |       |       |       |       |       ||     6
         Staff             |       |       |       |     2 |    62 |    91 |       |       |       ||   155
         Eveningstar       |       |       |       |       |     3 |   343 |  1112 |  1657 |   490 ||  3605
   Fire: Sling             |    93 |    78 |    43 |    15 |    48 |       |       |       |       ||   277
         Orcbow            |       |       |    45 |    28 |       |       |       |       |       ||    73
  Throw: Dart              |       |     2 |     1 |       |    23 |   159 |     6 |     8 |     5 ||   204
         Throwing net      |       |       |       |       |       |       |       |     1 |       ||     1
   Cast: Sandblast         |    19 |    30 |    70 |   284 |   279 |   174 |    50 |       |       ||   906
         Stone Arrow       |       |     2 |    35 |    31 |   199 |   175 |   111 |   132 |    39 ||   724
         Call Imp          |       |       |    16 |    18 |     1 |       |       |       |       ||    35
         Petrify           |       |       |    20 |    88 |   148 |   200 |     1 |    19 |       ||   476
         Passwall          |       |       |       |     2 |    28 |    12 |     4 |     7 |     2 ||    55
         Irradiate         |       |       |       |       |    19 |    43 |    33 |    54 |    20 ||   169
         Freezing Cloud    |       |       |       |       |    16 |    68 |    44 |    50 |    11 ||   189
         Passage of Golubr |       |       |       |       |     2 |       |       |       |       ||     2
         Iskenderun's Myst |       |       |       |       |       |    39 |    38 |    97 |    10 ||   184
         Yara's Violent Un |       |       |       |       |       |       |    42 |    20 |     4 ||    66
         Fulminant Prism   |       |       |       |       |       |       |     2 |     1 |       ||     3
         Orb of Destructio |       |       |       |       |       |       |       |    85 |   194 ||   279
         Blink             |       |       |       |       |       |       |       |     1 |       ||     1
 Invoke: Lesser Servant of |       |       |       |     2 |     6 |    21 |    13 |     4 |       ||    46
         Minor Destruction |       |       |       |     1 |     1 |       |       |       |       ||     2
         Greater Servant o |       |       |       |       |       |       |       |       |    13 ||    13
  Evoke: Wand              |       |     2 |     7 |     1 |     9 |    28 |    17 |     6 |     7 ||    77
         Tin of tremorston |       |       |       |       |     2 |     4 |     4 |     2 |       ||    12
         Phantom mirror    |       |       |       |       |       |       |     1 |       |       ||     1
    Use: Scroll            |     6 |     2 |     8 |    12 |    12 |    24 |     7 |    11 |     7 ||    89
         Potion            |       |     3 |     1 |       |     5 |    12 |    14 |     6 |    26 ||    67
   Stab: Petrified         |       |       |    63 |   167 |   173 |   253 |     4 |    15 |       ||   675
         Petrifying        |       |       |     1 |     2 |     4 |    11 |       |       |       ||    18
         Sleeping          |       |       |       |     4 |    38 |    15 |    32 |    14 |     1 ||   104
         Distracted        |       |       |       |     1 |     1 |     3 |     8 |     3 |     1 ||    17
         Invisible         |       |       |       |       |       |     3 |     2 |       |     7 ||    12
         Held in net/web   |       |       |       |       |       |       |       |     1 |       ||     1
 Armour: Robe              |    31 |    51 |    22 |       |   166 |    81 |    11 |       |       ||   362
         Steam dragon scal |       |       |    16 |   217 |    68 |       |       |       |       ||   301
         Swamp dragon scal |       |       |       |       |       |   327 |       |       |       ||   327
         Quicksilver drago |       |       |       |       |       |       |   313 |   616 |   178 ||  1107
         Skin              |       |       |       |       |       |       |       |       |     3 ||     3
  Dodge: Dodged            |    34 |    73 |    47 |   182 |   177 |   220 |   265 |   321 |    89 ||  1408
  Block: Other             |    16 |    32 |    20 |   121 |   112 |       |       |       |       ||   301
         Reflection        |     2 |     3 |     4 |     1 |    14 |    16 |    51 |    43 |     8 ||   142
         Kite shield       |       |       |       |       |    40 |   197 |   391 |  1333 |   312 ||  2273
         Buckler           |       |       |       |       |       |   276 |   289 |       |       ||   565

Table legend: (Time is in decaauts)
 A = Elapsed time spent in this place.
 B = Non-inter-level travel time spent in this place.
 C = Inter-level travel time spent in this place.
 D = Time resting spent in this place.
 E = Time spent auto-exploring this place.
 F = Levels seen in this place.
 G = Mean time per level.
                   A        B        C        D        E       F      G
               +--------+--------+--------+--------+--------+-----+--------+
         Total |  96652 |  87001 |   9651 |  30305 |  25185 |  54 | 1789.9 |
       Dungeon |  25786 |  21625 |   4161 |   6310 |   6039 |  15 | 1719.1 |
        Temple |      1 |      1 |      0 |      0 |      0 |   1 |    1.0 |
          Lair |  12351 |  10541 |   1810 |   3622 |   2848 |   5 | 2470.2 |
         Swamp |   8630 |   8285 |    345 |   4344 |   1906 |   4 | 2157.5 |
   Spider Nest |   8860 |   8409 |    451 |   3757 |   2174 |   4 | 2215.0 |
    Slime Pits |   3488 |   3280 |    208 |    908 |   1092 |   5 |  697.6 |
  Orcish Mines |   3184 |   2678 |    506 |    753 |    586 |   2 | 1592.0 |
   Elven Halls |   5081 |   4724 |    357 |   1390 |   1685 |   3 | 1693.7 |
        Vaults |   7714 |   7237 |    477 |   1344 |   3541 |   4 | 1928.5 |
        Depths |   8499 |   7875 |    624 |   2142 |   3096 |   4 | 2124.8 |
           Zot |   9853 |   9145 |    708 |   4360 |   2033 |   5 | 1970.6 |
      Ice Cave |   1979 |   1979 |      0 |   1030 |     35 |   1 | 1979.0 |
    Desolation |   1219 |   1219 |      0 |    341 |    150 |   1 | 1219.0 |
               +--------+--------+--------+--------+--------+-----+--------+

Top non-repeatable levels by time:
  Lair:5: 3478 daAuts
 Swamp:4: 3469 daAuts
    D:10: 3283 daAuts
   Zot:5: 2929 daAuts
  Lair:2: 2918 daAuts
Depths:2: 2825 daAuts
   Zot:2: 2662 daAuts
Vaults:1: 2498 daAuts
     D:9: 2483 daAuts
    D:13: 2417 daAuts
Spider:3: 2355 daAuts
Depths:4: 2333 daAuts
   Orc:2: 2317 daAuts
Spider:4: 2306 daAuts
Spider:1: 2293 daAuts
